 Seeded DCSS version 0.27-a0-1191-g601b473118 (webtiles) character file.

Game seed: 13139434240342159461 (custom seed)

175188 streetpizza the Fencer (level 17, -3/166 HPs)
             Began as a Minotaur Gladiator on May 25, 2021.
             Was the Champion of Okawaru.
             Slain by a hornet (13 damage)
             ... while paralysed by a hornet
             ... on level 4 of the Spider Nest.
             The game lasted 02:17:11 (36280 turns).

streetpizza the Fencer (Minotaur Gladiator)        Turns: 36280, Time: 02:17:12

Health: -3/166     AC: 15    Str: 21      XL:     17   Next: 46%
Magic:  5/24       EV:  2    Int: 10      God:    Okawaru [******]
Gold:   2483       SH:  0    Dex: 15 (16) Spells: 16/16 levels left

rFire    + . .     SeeInvis .   I - +11 plutonium sword {Contam Stlth-}
rCold    + . .     Faith    .   (shield currently unavailable)
rNeg     . . .     Spirit   .   s - +2 steam dragon scales
rPois    +         Reflect  .   (helmet unavailable)
rElec    +         Harm     .   b - scarf {rC+ rF+}
rCorr    .         Rampage  +   K - +1 pair of gloves of Bemiagh {rElec}
Will     +....                  w - +1 pair of boots
Stlth    ..........             Q - amulet "Hucytuaso" {Acrobat Rampage Int+4 Slay+2}
HPRegen  0.37/turn              l - +4 ring of protection
MPRegen  0.19/turn              q - ring of poison resistance

@: paralysed, unable to read, very slightly contaminated, hasted
A: horns 3, retaliatory headbutt, inability to read while threatened
a: Renounce Religion, Heroism, Finesse


You were on level 4 of the Spider Nest.
You worshipped Okawaru.
Okawaru was exalted by your worship.
You visited 5 branches of the dungeon, and saw 28 of its levels.
You also visited: Sewer and Gauntlet.

You collected 3472 gold pieces.
You spent 989 gold pieces at shops.

Inventory:

Hand Weapons
 I - the +11 plutonium sword (weapon) {Contam Stlth-}
   (You found it on level 8 of the Dungeon)

   It causes magical contamination when unequipped.
   It makes you less stealthy.
Missiles
 d - 5 throwing nets (quivered)
 F - 129 poisoned darts
 M - 14 javelins
 P - 5 atropa-tipped darts
 T - 12 boomerangs of dispersal
Armour
 b - a scarf of resistance (worn)
 s - +2 steam dragon scales (worn)
 w - a +1 pair of boots (worn)
 B - the +0 pair of gloves "Miaph" {rC++ Int+3 Stlth-}
   (Okawaru gifted it to you on level 12 of the Dungeon)

   It affects your intelligence (+3).
   It greatly protects you from cold.
   It makes you less stealthy.
 K - the +1 pair of gloves of Bemiagh (worn) {rElec}
   (Okawaru gifted it to you on level 6 of the Lair of Beasts)

   It insulates you from electricity.
 V - +0 fire dragon scales
Jewellery
 l - a +4 ring of protection (left hand)
 n - a ring of resist corrosion
 q - a ring of poison resistance (right hand)
 t - a ring of willpower
 x - a ring of willpower
 E - a ring of wizardry
 N - a +4 ring of protection
 Q - the amulet "Hucytuaso" (around neck) {Acrobat Rampage Int+4 Slay+2}
   (You found it in a Gauntlet)

   [amulet of the acrobat]

   It increases your evasion while moving and waiting.
   It affects your intelligence (+4).
   It affects your accuracy and damage with ranged weapons and melee attacks
   (+2).
   It bestows one free step when moving towards enemies.
Wands
 v - a wand of iceblast (27)
 C - a wand of mindburst (14)
 J - a wand of acid (25)
 S - a wand of paralysis (35)
 W - a wand of flame (70)
 Y - a wand of digging (10)
Scrolls
 e - 5 scrolls of fog
 f - 2 scrolls of brand weapon
 i - 4 scrolls of vulnerability
 m - 5 scrolls of blinking
 p - 6 scrolls of fear
 u - a scroll of torment
 y - 5 scrolls of teleportation
 A - 5 scrolls of identify
 H - 8 scrolls of enchant weapon
 L - 5 scrolls of immolation
 X - 4 scrolls of amnesia
 Z - 4 scrolls of magic mapping
Potions
 a - 3 potions of magic
 c - a potion of cancellation
 g - 5 potions of lignification
 h - 15 potions of curing
 j - a potion of haste
 k - 2 potions of mutation
 o - 8 potions of might
 r - 3 potions of invisibility
 z - 8 potions of attraction
 D - 8 potions of flight
 G - 4 potions of brilliance
 O - a potion of resistance
 R - 2 potions of berserk rage


   Skills:
 + Level 18.4 Fighting
 + Level 18.5 Long Blades
 + Level 7.6 Throwing
 - Level 0.9 Armour
 + Level 17.2 Dodging
 - Level 11.0 Invocations
 - Level 8.6 Evocations


You had 16 spell levels left.
You didn't know any spells.
Your spell library contained the following spells:

 Spells                   Type           Power      Damage    Failure   Level
 Corona                   Hex            0%         N/A       36%         1
 Freeze                   Ice            0%         1d3       36%         1
 Magic Dart               Conj           0%         1d3       36%         1
 Shock                    Conj/Air       0%         1d3       36%         1
 Summon Small Mammal      Summ           0%         N/A       36%         1
 Blink                    Tloc           N/A        N/A       50%         2
 Call Imp                 Summ           0%         N/A       50%         2
 Corpse Rot               Necr/Air       N/A        N/A       50%         2
 Ensorcelled Hibernation  Hex/Ice        0%         N/A       50%         2
 Slow                     Hex            0%         N/A       50%         2
 Call Canine Familiar     Summ           0%         N/A       75%         3
 Confusing Touch          Hex            0%         N/A       75%         3
 Conjure Flame            Conj/Fire      0%         6-21      75%         3
 Dazzling Flash           Conj/Hex       0%         N/A       75%         3
 Frozen Ramparts          Ice            0%         1d2       75%         3
 Gell's Gravitas          Tloc           0%         N/A       75%         3
 Mephitic Cloud           Conj/Pois/Air  0%         N/A       75%         3
 Ozocubu's Armour         Ice            0%         N/A       75%         3
 Portal Projectile        Hex/Tloc       0%         N/A       75%         3
 Summon Guardian Golem    Hex/Summ       0%         N/A       75%         3
 Tukima's Dance           Hex            0%         N/A       75%         3
 Hailstorm                Conj/Ice       0%         3d3       98%         4
 Petrify                  Tmut/Erth      0%         N/A       98%         4
 Summon Ice Beast         Ice/Summ       0%         N/A       98%         4
 Summon Lightning Spire   Summ/Air       0%         N/A       98%         4
 Metabolic Englaciation   Hex/Ice        0%         N/A       100%        5
 Silence                  Hex/Air        0%         N/A       100%        5
 Yara's Violent Unravell  Hex/Tmut       0%         3d3       100%        5
 Conjure Ball Lightning   Conj/Air       0%         3x3d6     100%        6
 Tornado                  Air            0%         N/A       100%        9


Dungeon Overview and Level Annotations

Branches:
Dungeon (15/15)            Temple (1/1) D:5            Lair (6/6) D:9
 Shoals (0/4) Lair:3       Spider (4/4) Lair:4        Slime (0/5) Lair:5
    Orc (2/2) D:11            Elf (0/3) Orc:2        Vaults (0/5) D:14
 Depths (0/5) D:15          Sewer (visited)         Gauntlet (visited)

Altars:
Ashenzari
Cheibriados
Dithmenos
Elyvilon
Fedhas
Gozag
Hepliaklqana
Kikubaaqudgha
Makhleb
Nemelex Xobeh
Okawaru
Qazlal
Ru
Sif Muna
Trog
Uskayaw
Vehumet
Wu Jian
Xom
Yredelemnul
Zin
The Shining One
Beogh

Shops:
D:7 *   D:11 *   Orc:2 [[[((


Innate Abilities, Weirdness & Mutations

You have a pair of large horns on your head.
You reflexively headbutt those who attack you in melee.
You sometimes lose the ability to read scrolls when taking damage.


Message History

You headbutt the hornet!
You riposte.
You barely miss the hornet. Your headbutt misses the hornet.
The hornet is moderately wounded.
The hornet completely misses you.
You riposte.
You slash the hornet!
Mutagenic energy flows through the plutonium sword!
Multicoloured lights dance around the hornet.
The hornet twists and deforms.
The hornet is moderately wounded.
The hornet completely misses you.
You slice the spark wasp like a ripe choko!!!
You kill the spark wasp!
Okawaru accepts your kill. The hornet misses you.
You feel your strength returning.
Unknown command.
You slice the hornet!!
You kill the hornet!
Okawaru accepts your kill.
You closely miss the hornet. You headbutt the hornet!!
The hornet is almost dead.
The hornet closely misses you. x2; You furiously retaliate!
You headbutt the hornet!
You riposte.
You miss the hornet.
The hornet is almost dead.
Unknown command.
You hit the hornet. Your headbutt misses the hornet.
The hornet is heavily wounded.
The hornet misses you. You furiously retaliate!
You headbutt the hornet, but do no damage.
You riposte.
You carve the hornet like a ham!!!
You kill the hornet!
Okawaru accepts your kill.
The hornet stings you but does no damage.
The hornet barely misses you. You furiously retaliate!
You headbutt the hornet, but do no damage.
You hit the hornet. You headbutt the hornet.
The hornet is severely wounded.
The hornet stings you.
* * * LOW HITPOINT WARNING * * *
You suddenly lose the ability to move!
The hornet stings you!
You die...

#...≈≈≈#≈≈†.≈..≈...≈.#
##^.≈≈≈...≈##..##....≈
##.##≈...###.y##≈≈#≈.
###....## #y..#####.
#...≈# ##..# #. ##..≈##
#''# ## ##≈..##
#^..##y..# #
#.y†#####... y..#
#.y@#..##... .y.+
###.†≈≈≈.##### ####
##≈≈..≈≈≈.############
#≈...##..###(≈..##^≈≈##
#≈...#####...^.^≈≈...≈≈
##...# ###..≈#.....[≈..
#...^###....##....≈##≈.
##≈.^†#≈..≈####...≈##..
##^.†.≈..≈# ##≈..[≈##


You could see 2 hornets.

Vanquished Creatures
  Frances (D:13)
  Gastronok (D:9)
  Donald (Orc:2)
  7 emperor scorpions
  An orc warlord (Orc:2)
  5 ghost moths (Spider:4)
  A stone giant (D:13)
  Nessos (D:13)
  4 entropy weavers
  A minotaur (Gauntlet)
  A dire elephant (Gauntlet)
  4 spark wasps (Spider:4)
  2 ettins
  3 fire dragons
  2 ice dragons
  Harold (Lair:2)
  Erolcha (D:10)
  2 boulder beetles
  8 hydras
  An ogre mage (D:12)
  A rakshasa (D:14)
  A tengu warrior (D:13)
  4 centaur warriors
  5 two-headed ogres
  A catoblepas (Lair:3)
  2 death knights (D:15)
  Erica (Orc:1)
  Urug (D:10)
  7 death yaks
  2 spriggans (D:13)
  A death drake (Lair:6)
  4 skeletal warriors
  A swamp dragon (D:15)
  3 spectral wolf spiders (Spider:1)
  A deep elf pyromancer (D:13)
  2 lindwurms
  A phantasmal warrior (D:15)
  3 wolf spider zombies (Spider:1)
  16 orb spiders
  6 ugly things
  3 orc sorcerers (Orc:2)
  2 moths of wrath (Spider:2)
  2 centaur zombies
  25 wolf spiders
  15 elephants
  An apocalypse crab (Spider:1)
  3 cyclopes
  7 black mambas
  Maurice (D:9)
  A merfolk siren (Lair:3)
  12 cane toads
  Maggie (D:10)
  2 gargoyles (D:11)
  2 molten gargoyles (Lair:6)
  A torpor snail (Lair:6)
  3 rime drakes
  2 unseen horrors
  11 komodo dragons
  2 tengu conjurers
  5 freezing wraiths
  9 demonic crawlers
  9 trolls
  40 jumping spiders
  3 polar bears
  5 wolf spider simulacra (Spider:1)
  5 hornets
  22 blink frogs
  10 slime creatures
  Prince Ribbit (D:9)
  13 dream sheep
  20 tarantellas
  68 redbacks
  A shadow (D:9)
  9 wyverns
  A vampire (D:14)
  4 wraiths
  13 basilisks
  4 fire bats
  5 hogs (D:13)
  A neqoxec (Gauntlet)
  68 yaks
  11 vampire mosquitoes
  3 steam dragons
  A chaos spawn (Gauntlet)
  A warg (Orc:2)
  3 acid dragons
  5 hell hounds (Lair:6)
  8 water moccasins
  Purgy (Sewer)
  2 ice beasts
  28 orc warriors
  A black bear (shapeshifter) (D:14)
  3 black bears
  11 ogres
  7 boggarts
  A necrophage (D:7)
  10 centaurs
  24 wolves
  3 phantoms
  A gnoll sergeant (D:10)
  2 scorpions
  9 bullfrogs
  2 howler monkeys (D:6)
  3 wights (D:8)
  5 lava snakes (Lair:6)
  3 hounds
  3 jellies
  25 orc priests
  3 gnoll shamans
  2 iguanas
  29 orc wizards
  A mummy (D:9)
  17 gnolls
  7 adders
  4 white imps
  2 adder skeletons (D:4)
  3 worms
  The ghost of Seutt the Sneak, a weakling FoDe (D:13)
  A dart slug (D:3)
  101 orcs
  7 bats
  3 endoplasms
  3 giant cockroaches
  2 hobgoblins (D:1)
  3 kobolds
  3 quokkas
  12 ball pythons
  7 frilled lizards
  6 goblins
  5 rats
921 creatures vanquished.

Vanquished Creatures (others)
  A wizard (D:14)
  2 orb spiders (Spider:4)
  A jumping spider (Spider:4)
  2 orcs (Orc:2)
  15 fungi
  15 plants
36 creatures vanquished.

Grand Total: 957 creatures vanquished

Notes
Turn   | Place    | Note
-------+----------+-------------------------------------------
     0 | D:1      | streetpizza the Minotaur Gladiator began the quest for the
                  | Orb.
     0 | D:1      | Reached XP level 1. HP: 18/18 MP: 0/0
   270 | D:1      | Reached XP level 2. HP: 13/25 MP: 1/1
   731 | D:1      | Found a faded altar of an unknown god.
  1519 | D:2      | Reached XP level 3. HP: 20/31 MP: 2/2
  2124 | D:3      | Found a white marble altar of Elyvilon.
  2167 | D:3      | Found an ornate altar of the Wu Jian Council.
  2331 | D:3      | Reached XP level 4. HP: 32/40 MP: 3/3
  2913 | D:4      | Noticed a scorpion
  2923 | D:4      | Killed a scorpion
  2924 | D:4      | Reached skill level 5 in Long Blades
  2924 | D:4      | Reached XP level 5. HP: 26/46 MP: 4/4
  3600 | D:5      | Entered Level 5 of the Dungeon
  3698 | D:5      | Noticed a phantom
  3713 | D:5      | Killed a phantom
  3714 | D:5      | Reached skill level 5 in Dodging
  3714 | D:5      | Reached XP level 6. HP: 25/55 MP: 5/5
  3946 | D:5      | Noticed an orc warrior
  4090 | D:5      | Reached skill level 5 in Fighting
  4376 | D:5      | Found a staircase to the Ecumenical Temple.
  4394 | Temple   | Entered the Ecumenical Temple
  4740 | D:5      | Found an iron altar of Okawaru.
  4741 | D:5      | Found a shimmering blue altar of Sif Muna.
  4741 | D:5      | Found a hide-covered altar of Uskayaw.
  4753 | D:5      | Became a worshipper of Warmaster Okawaru
  4843 | D:5      | Gained mutation: You sometimes lose the ability to read
                  | scrolls when taking damage. [potion of mutation]
  4843 | D:5      | Gained mutation: You have a pair of large horns on your
                  | head. [potion of mutation]
  4843 | D:5      | Killed an orc warrior
  4844 | D:5      | Reached XP level 7. HP: 11/61 MP: 6/6
  5134 | D:5      | Reached skill level 1 in Invocations
  5451 | D:6      | Reached * piety under Okawaru
  5595 | D:6      | Found a bloodstained altar of Trog.
  5687 | D:6      | Reached XP level 8. HP: 49/71 MP: 8/8
  5929 | D:6      | Found a glowing drain.
  5938 | Sewer    | Entered a sewer
  5960 | Sewer    | Noticed Purgy
  5966 | Sewer    | Killed Purgy
  5966 | Sewer    | Reached ** piety under Okawaru
  7022 | D:7      | Found Zin's Purification Station.
  7025 | D:7      | Found a glowing silver altar of Zin.
  7066 | D:7      | Identified the +4 falchion "Meoplud" {vorpal, rC+ Dex+4}
  7170 | D:7      | Reached XP level 9. HP: 74/81 MP: 11/11
  7384 | D:7      | Noticed a troll
  7389 | D:7      | Killed a troll
  7521 | D:7      | Reached *** piety under Okawaru
  7726 | D:8      | Reached skill level 5 in Invocations
  7753 | D:8      | Found the +11 plutonium sword {Contam Stlth-}
  8328 | D:9      | Noticed Prince Ribbit
  8340 | D:9      | Killed Prince Ribbit
  8378 | D:9      | Noticed a two-headed ogre
  8386 | D:9      | Killed a two-headed ogre
  8386 | D:9      | Received a gift from Okawaru
  8481 | D:9      | Noticed an elephant
  8497 | D:9      | Noticed Gastronok
  8548 | D:9      | Killed Gastronok
  8548 | D:9      | Reached **** piety under Okawaru
  8549 | D:9      | Reached skill level 10 in Long Blades
  8549 | D:9      | Reached XP level 10. HP: 57/93 MP: 11/14
  8561 | D:9      | Reached ***** piety under Okawaru
  8590 | D:9      | Found a snail-covered altar of Cheibriados.
  8637 | D:9      | Noticed Maurice
  8640 | D:9      | Reached skill level 10 in Fighting
  8649 | D:9      | Killed Maurice
  8649 | D:9      | Received a gift from Okawaru
  8714 | D:9      | Killed an elephant
  8737 | D:9      | Found a staircase to the Lair.
  8807 | D:9      | Reached skill level 10 in Dodging
  8951 | D:10     | Entered Level 10 of the Dungeon
  9047 | D:10     | Reached XP level 11. HP: 100/101 MP: 15/15
  9120 | D:10     | Noticed Erolcha
  9123 | D:10     | Killed Erolcha
  9123 | D:10     | Received a gift from Okawaru
  9375 | D:10     | Found a shadowy altar of Dithmenos.
  9376 | D:10     | Noticed Urug
  9396 | D:10     | Killed Urug
  9594 | D:10     | Noticed Maggie
  9598 | D:10     | Killed Maggie
  9677 | D:10     | Noticed a two-headed ogre
  9684 | D:10     | Killed a two-headed ogre
  9814 | D:11     | Found Dutanyrch's Pet Rocks.
 10333 | D:11     | Identified the +1 hand axe of the Crushed Persimmons
                  | {antimagic, Dex+2}
 10371 | D:11     | Found a staircase to the Orcish Mines.
 10476 | D:11     | Received a gift from Okawaru
 10548 | D:11     | Noticed a four-headed hydra
 10554 | D:11     | Killed a six-headed hydra
 10554 | D:11     | Reached ****** piety under Okawaru
 10555 | D:11     | Reached XP level 12. HP: 90/112 MP: 14/17
 10846 | D:12     | Noticed a two-headed ogre
 10860 | D:12     | Killed a two-headed ogre
 10913 | D:12     | Noticed a boulder beetle
 11155 | D:12     | Killed a boulder beetle
 11446 | D:12     | Noticed a seven-headed hydra
 11454 | D:12     | Killed a ten-headed hydra
 11590 | D:12     | Received a gift from Okawaru
 11713 | D:12     | Noticed an ogre mage
 11716 | D:12     | Noticed a two-headed ogre
 11722 | D:12     | Killed an ogre mage
 11722 | D:12     | Received a gift from Okawaru
 11724 | D:12     | Killed a two-headed ogre
 11725 | D:12     | Reached skill level 10 in Invocations
 11959 | D:12     | Identified the +0 pair of gloves "Miaph" {rC++ Int+3
                  | Stlth-} (Okawaru gifted it to you on level 12 of the
                  | Dungeon)
 11959 | D:12     | Received a gift from Okawaru
 12073 | D:13     | Noticed a centaur warrior
 12358 | D:12     | Killed a centaur warrior
 12459 | D:13     | Noticed a centaur warrior
 12461 | D:13     | Noticed a tengu warrior
 12483 | D:13     | Killed a centaur warrior
 12489 | D:13     | Killed a tengu warrior
 12777 | D:13     | Noticed Kirke
 12787 | D:13     | Reached XP level 13. HP: 99/122 MP: 19/19
 12790 | D:13     | Noticed Kirke
 12790 | D:13     | Kirke changed into Kirke the stone giant
 12793 | D:13     | Killed Kirke the stone giant
 13077 | D:13     | Noticed Nessos
 13087 | D:13     | Killed Nessos
 13132 | D:13     | Identified the +1 ring mail of Rationality {Rampage rC+
                  | Stlth+}
 13591 | D:13     | Found a runed translucent door.
 13592 | D:13     | Noticed Seutt's ghost (weakling FoDe)
 13593 | D:13     | Identified the +5 spear "Xatelicu" {venom, rC- rN+ Int+6}
 13632 | D:13     | Killed Seutt's ghost
 13988 | D:13     | Noticed Frances
 13998 | D:13     | Killed Frances
 13998 | D:13     | Received a gift from Okawaru
 14796 | D:14     | Reached skill level 1 in Evocations
 15108 | D:14     | You fall into a shaft and drop 1 floor!
 15108 | D:15     | Entered Level 15 of the Dungeon
 15113 | D:15     | Found a staircase to the Depths.
 15113 | D:15     | Noticed a fire dragon
 15116 | D:15     | Killed a fire dragon
 15540 | D:15     | Noticed an ettin
 15540 | D:15     | a slime creature changed into an ettin
 15540 | D:15     | HP: 1/124 [ettin (26)]
 15954 | D:15     | Killed an ettin
 16571 | D:14     | Found a gate to the Vaults.
 16995 | D:14     | Noticed a fire dragon
 17010 | D:14     | Killed a fire dragon
 17090 | D:14     | Received a gift from Okawaru
 17508 | D:15     | Reached XP level 14. HP: 96/133 MP: 21/21
 17519 | D:15     | Received a gift from Okawaru
 18097 | Lair:1   | Entered Level 1 of the Lair of Beasts
 18501 | Lair:1   | Reached skill level 15 in Long Blades
 19622 | Lair:2   | Noticed Harold
 19629 | Lair:2   | Killed Harold
 19630 | Lair:2   | Reached skill level 15 in Fighting
 19652 | Lair:2   | Reached skill level 5 in Evocations
 20436 | Lair:3   | Found a staircase to the Shoals.
 20568 | Lair:3   | Received a gift from Okawaru
 22145 | Lair:4   | Reached XP level 15. HP: 132/143 MP: 22/22
 22587 | Lair:4   | Found a hole to the Spider Nest.
 23295 | Lair:5   | Found a gate leading to a gauntlet.
 23304 | Gauntlet | Entered a Gauntlet
 23304 | Gauntlet | Found a transporter.
 23313 | Gauntlet | Found a transporter.
 23315 | Gauntlet | Found a transporter.
 23329 | Gauntlet | Found a transporter.
 23331 | Gauntlet | Found a transporter.
 23340 | Gauntlet | Found a transporter.
 23358 | Gauntlet | Found a transporter.
 23368 | Gauntlet | Found a transporter.
 23372 | Gauntlet | Found a transporter.
 23372 | Gauntlet | Found a transporter.
 23382 | Gauntlet | Found a transporter.
 23383 | Gauntlet | Found a transporter.
 23421 | Gauntlet | Found a runed translucent door.
 23423 | Gauntlet | Found a transporter.
 23425 | Gauntlet | Found a runed translucent door.
 23438 | Gauntlet | Found a transporter.
 23500 | Gauntlet | Identified the amulet "Hucytuaso" {Acrobat Rampage Int+4
                  | Slay+2}
 23546 | Gauntlet | Identified the +0 pair of gloves of Carunloku {rC+}
 23682 | Gauntlet | Identified the +5 shortbow "Axtil" {venom, rElec rN+ Str+2
                  | Int-5}
 23699 | Gauntlet | Identified the +1 dire flail "Raeruirgh" {vorpal, Fly rC-
                  | Int+2 SInv}
 24164 | Lair:5   | Received a gift from Okawaru
 24211 | Lair:5   | Reached skill level 15 in Dodging
 24474 | Lair:5   | Found a staircase to the Slime Pits.
 24864 | Lair:6   | Entered Level 6 of the Lair of Beasts
 24988 | Lair:6   | Identified the +1 pair of gloves of Bemiagh {rElec}
                  | (Okawaru gifted it to you on level 6 of the Lair of Beasts)
 24988 | Lair:6   | Received a gift from Okawaru
 25903 | Lair:6   | Found a large runed translucent door.
 25903 | Lair:6   | Found a large runed translucent door.
 26797 | Orc:1    | Entered Level 1 of the Orcish Mines
 26812 | D:11     | Identified a scroll of acquirement
 26813 | D:11     | Acquired 755 gold pieces
 27240 | Orc:2    | Entered Level 2 of the Orcish Mines
 27291 | Orc:2    | Noticed Donald
 27300 | Orc:2    | Killed Donald
 27603 | Orc:2    | Found Zukh's Armour Shoppe.
 27761 | Orc:2    | Found Mempiff's Antique Armour Boutique.
 27762 | Orc:2    | Found a staircase to the Elven Halls.
 27933 | Orc:2    | Noticed an orc warlord
 27950 | Orc:2    | Killed an orc warlord
 28062 | Orc:2    | Found Moxturhiutu's Antique Weapon Boutique.
 28064 | Orc:2    | Found Bokyrouqej's Antique Armour Shop.
 28205 | Orc:2    | Reached XP level 16. HP: 139/154 MP: 23/23
 28215 | Orc:2    | Found Datib's Weapon Emporium.
 28449 | Orc:1    | Noticed Erica
 28454 | Orc:1    | Killed Erica
 28617 | Orc:2    | Bought runed steam dragon scales for 989 gold pieces
 28809 | Spider:1 | Entered Level 1 of the Spider Nest
 28833 | Spider:1 | Identified the +10 plate armour of Fuzzy Wonder {rPois}
                  | (Okawaru gifted it to you on level 1 of the Spider Nest)
 28833 | Spider:1 | Received a gift from Okawaru
 31285 | Spider:2 | Reached skill level 5 in Throwing
 31555 | Spider:2 | Received a gift from Okawaru
 31849 | Spider:3 | Noticed Asterion
 32283 | Spider:3 | Noticed an Executioner
 32612 | Spider:3 | Noticed Asterion
 32612 | Spider:3 | Asterion changed into Asterion the emperor scorpion
 32613 | Spider:3 | Noticed Asterion
 32613 | Spider:3 | Asterion the emperor scorpion changed into Asterion the
                  | dire elephant
 32617 | Spider:3 | Noticed Asterion
 32617 | Spider:3 | Asterion the dire elephant changed into Asterion the
                  | emperor scorpion
 32619 | Spider:3 | Killed Asterion the emperor scorpion
 32634 | Spider:3 | Identified Sif Muna's Volume of the Voyage and
                  | Weightlessness
 33511 | Spider:4 | Entered Level 4 of the Spider Nest
 34318 | Spider:4 | Reached XP level 17. HP: 47/163 MP: 24/24
 35457 | Spider:4 | Received a gift from Okawaru
 36280 | Spider:4 | Paralysed by a hornet for 3 turns
 36280 | Spider:4 | Slain by a hornet

Illustrated notes

Levels and vault maps discovered:
D:1:      ncdulo_smallfort, layout_basic, shapermc_ecumenical_altar_notcrosses,
          minmay_strange_pillars
D:2:      layout_basic
D:3:      layout_basic, elyvilon_altar_3, nzn_wu_jian_council_hall,
          minmay_fractal_squares_gapless_5
D:4:      layout_loops_ring
D:5:      layout_basic, minitemple, minmay_temple_entry_offerings
D:6:      layout_basic, general_overflow_altar, portal_sewer_entry_d
D:7:      layout_loops_ring, zin_purify, minmay_three_doors
D:8:      layout_basic
D:9:      layout_cross, slow_altar_1, david_lair_generic, uniq_gastronok,
          uniq_maurice, uniq_prince_ribbit1
D:10:     layout_basic, amcnicky_altar_gilded, uniq_urug, uniq_erolcha,
          uniq_maggie
D:11:     layout_small_grid, david_orc_5, guppyfry_shop_earth
D:12:     layout_basic
D:13:     layout_roguey, ebering_ghost_funeral_grove, uniq_frances, uniq_nessos,
          uniq_kirke
D:14:     layout_roguey, david_vaults_1
D:15:     grunt_enter_depths_hoard, layout_basic, serial_glass, glass_columns_b,
          glass_columns_a
Temple:   cyrus_circular_temple
Lair:1:   layout_misc_corridors, infiniplex_staircase_pool_2
Lair:2:   layout_chaotic_city, grunt_megastairs_4, serial_bayou_shore_b,
          uniq_harold
Lair:3:   layout_long_grid, minmay_shoals_entry_lonely_mermaid,
          serial_bayou_shore_b, infiniplex_staircase_pool, lemuel_fruit_fields,
          lemuel_fruit_fields
Lair:4:   layout_cave_pods, nicolae_spider_entry_orb_guardian,
          grunt_megastairs_3
Lair:5:   layout_cave_shapes, minmay_slime_entry_pillars,
          gauntlet_entry_generic, minivault_11, serial_bayou_shore_b
Lair:6:   cheibrodos_lair_end_hotspot, layout_loops_ring
Spider:1: layout_spider_delve, nicolae_spider_undead_wolf_pack,
          hangedman_spider_tarantella_strand
Spider:2: layout_spider_delve
Spider:3: layout_spider_delve, uniq_asterion
Spider:4: spider_rune_water
Orc:1:    layout_caves, uniq_erica
Orc:2:    grunt_orc_community_town_hall, layout_caves,
          grunt_orc_community_big_house_1, grunt_orc_community_big_house_1,
          grunt_orc_community_house_1, grunt_orc_community_house_1,
          grunt_orc_community_house_3, grunt_orc_community_house_2,
          grunt_orc_community_house_2, serial_shops,
          nicolae_shop_window_shopping, basic_altar, uniq_donald

Skill      XL: |  1  2  3  4  5  6  7  8  9 10 11 12 13 14 15 16 17 |
---------------+----------------------------------------------------+-----
Long Blades    | 4 5 6 7 8 10 11 12 13 14 15 17 18 | 18.5
Fighting       | 3 4 5 6 7 9 10 12 13 14 15 16 17 18 | 18.4
Dodging        | 4 5 6 7 9 10 11 12 13 14 15 16 17 | 17.2
Invocations    | 2 4 6 7 9 10 11 | 11.0
Evocations     | 3 6 8 |  8.6
Throwing       | 6 7 |  7.6
Armour         | |  0.9

Action                   |  1- 3 |  4- 6 |  7- 9 | 10-12 | 13-15 | 16-18 || total
-------------------------+-------+-------+-------+-------+-------+-------++-------
Melee: Long sword        |    78 |    89 |   115 |       |       |       ||   282
       Headbutt          |    14 |    17 |    57 |    66 |   236 |   139 ||   529
       Falchion          |       |       |    45 |       |       |       ||    45
       Punch             |       |       |     1 |       |       |       ||     1
       Triple sword      |       |       |    28 |   260 |   825 |   473 ||  1586
Throw: Javelin           |       |       |       |       |     4 |       ||     4
Invok: Heroism           |       |       |     6 |     6 |    21 |    12 ||    45
       Finesse           |       |       |       |     1 |     1 |     4 ||     6
Evoke: Wand              |       |       |       |     1 |       |     2 ||     3
  Use: Potion            |       |     1 |     4 |       |     2 |     6 ||    13
       Scroll            |       |       |     7 |       |    18 |       ||    25
 Stab: Paralysed         |       |       |       |     3 |       |       ||     3
       Invisible         |       |       |       |       |       |    13 ||    13
       Distracted        |       |       |       |       |       |     1 ||     1
Armor: Leather armour    |    24 |    24 |    22 |       |       |       ||    70
       Troll leather arm |       |       |    33 |    27 |       |       ||    60
       Steam dragon scal |       |       |       |    90 |   235 |   275 ||   600
Dodge: Dodged            |    68 |    59 |   135 |   276 |   849 |   820 ||  2207
       Rpst.: Long sword |    15 |    18 |    14 |       |       |       ||    47
       Falchion          |       |       |     9 |       |       |       ||     9
       Triple sword      |       |       |     8 |    58 |   173 |   144 ||   383

Table legend: (Time is in decaauts)
 A = Elapsed time spent in this place.
 B = Non-inter-level travel time spent in this place.
 C = Inter-level travel time spent in this place.
 D = Time resting spent in this place.
 E = Time spent auto-exploring this place.
 F = Levels seen in this place.
 G = Mean time per level.
                   A        B        C        D        E       F      G
               +--------+--------+--------+--------+--------+-----+--------+
         Total |  36451 |  35175 |   1276 |   3891 |  25515 |  30 | 1215.0 |
       Dungeon |  18116 |  17321 |    795 |   1643 |  12940 |  15 | 1207.7 |
        Temple |     81 |     81 |      0 |      0 |     44 |   1 |   81.0 |
          Lair |   8064 |   7716 |    348 |    292 |   6272 |   6 | 1344.0 |
   Spider Nest |   7423 |   7358 |     65 |   1450 |   4916 |   4 | 1855.8 |
  Orcish Mines |   1848 |   1781 |     67 |     85 |   1161 |   2 |  924.0 |
         Sewer |    235 |    235 |      0 |      0 |     98 |   1 |  235.0 |
      Gauntlet |    681 |    681 |      0 |    421 |     83 |   1 |  681.0 |
               +--------+--------+--------+--------+--------+-----+--------+

Top non-repeatable levels by time:
Spider:4: 2359 daAuts
Spider:2: 2049 daAuts
    D:13: 2040 daAuts
Spider:1: 1920 daAuts
    D:14: 1827 daAuts
  Lair:6: 1776 daAuts
    D:11: 1584 daAuts
  Lair:3: 1491 daAuts
    D:15: 1475 daAuts
  Lair:2: 1471 daAuts
    D:12: 1469 daAuts
  Lair:4: 1468 daAuts
     D:5: 1434 daAuts
     D:6: 1349 daAuts
   Orc:2: 1227 daAuts
